[Event "Team 45 45 League T62"]
[Site "Internet Chess Club"]
[Date "2014.08.30"]
[Round "1"]
[White "Toalla"]
[Black "Aquaman"]
[Result "1/2-1/2"]
[WhiteElo "1256"]
[BlackElo "1341"]
[Opening "Queen's pawn game"]
[ECO "A50"]
[Time "15:16:29"]
[TimeControl "2700+45"]

1. d4 Nf6 2. c4 c6 3. Nf3 d6 4. e3 Bg4 5. Be2 Nbd7 6. h3 Bxf3 7. Bxf3 e5 8. e4
Be7 9. Be3 O-O 10. Nc3 Nb6 11. Qb3 exd4 12. Bxd4 c5 13. Be3 Nfd7 14. Rd1 Qc8 15.
O-O Re8 16. Rfe1 Ne5 17. Be2 Qe6 18. Nd5 Bd8 19. f4 Nc6 20. Bf3 Qc8 21. Nxb6
axb6 22. Rxd6 Nb4 23. a3 Nc6 24. Bg4 Qc7 25. Rd7 Qb8 26. e5 Na5 27. Qc2 Qa7 28.
Red1 Qa6 29. Qf5 Qxc4 30. Qd3 Qxd3 31. R1xd3 Rb8 32. g3 Nc6 33. Kf2 Kf8 34. h4
Na5 35. Bd1 c4 36. R3d5 Rc8 37. Bd4 f6 38. Bc2 Kg8 39. h5 h6 40. Bc3 fxe5 41.
Bg6 Rf8 42. Bxe5 Bf6 43. Ke3 Bxe5 44. Rxe5 c3 45. Ree7 Rf6 46. Rxg7+ Kf8 47.
Rgf7+ Rxf7 48. Rxf7+ Kg8 49. Re7 c2 50. Bxc2 Rxc2 51. Re6 Kg7 52. f5 Rxb2 53.
Rg6+ Kf7 54. f6 Nc4+ 55. Kd4 Nd6 56. g4 Ne8 57. Rxh6 Nxf6 58. g5 Ng8 59. g6+ Kf8
60. Rh7 Rd2+ 61. Ke3 Rg2 62. Rxb7 Rg3+ 63. Kf4 Rb3 64. g7+ Ke8 65. Kg5 Rb5+ 66.
Kh4 Nh6 67. Rb8+ Kf7 68. Rb7+ Kg8 69. a4 Rb4+ 70. Kg5 Nf7+ 71. Kf6 Rf4+ 72. Kg6
Rg4+ 73. Kf6 Rf4+ 74. Kg6 Rg4+ 75. Kf6 {Game drawn by mutual agreement} 1/2-1/2

[Event "Team 45 45 League T62"]
[Site "Internet Chess Club"]
[Date "2014.08.27"]
[Round "1"]
[White "bugeyes"]
[Black "Conjurer"]
[Result "0-1"]
[WhiteElo "1209"]
[BlackElo "1311"]
[Opening "Sicilian: dragon, Yugoslav attack, 7...O-O"]
[ECO "B76"]
[Time "13:15:13"]
[TimeControl "2700+45"]

1. e4 c5 2. Nf3 d6 3. d4 cxd4 4. Nxd4 Nf6 5. Nc3 g6 6. Be3 Bg7 7. f3 O-O 8. Qd2
Nc6 9. Nxc6 bxc6 10. O-O-O Be6 11. Kb1 Qc7 12. Bh6 Rfb8 13. Bxg7 Kxg7 14. h4 Qa5
15. g4 Nh5 16. gxh5 Qxh5 17. Bg2 Rb6 18. Na4 Ra6 19. Nc3 Rb8 20. Bf1 Rab6 21. b3
Qxf3 22. Be2 Qf6 23. Qd4 Qe5 24. Bf3 c5 25. Qxe5+ dxe5 26. Kc1 c4 27. h5 cxb3
28. axb3 Bxb3 29. cxb3 Rxb3 30. Rd3 a5 31. hxg6 fxg6 32. Rhd1 Ra3 33. Rd8 Rxc3+
34. Kd2 Rxd8+ 35. Kxc3 Rxd1 36. Bxd1 h5 37. Bb3 g5 38. Bc2 g4 39. Ba4 g3 40. Bd1
h4 41. Bf3 h3 42. Kd3 g2 43. Bxg2 hxg2 44. Ke2 g1=Q {White resigns} 0-1

[Event "Team 45 45 League T62"]
[Site "Internet Chess Club"]
[Date "2014.09.01"]
[Round "1"]
[White "artspir"]
[Black "theartist"]
[Result "1-0"]
[WhiteElo "1217"]
[BlackElo "1072"]
[Opening "Queen's pawn game"]
[ECO "A46"]
[Time "13:33:15"]
[TimeControl "2700+45"]

1. d4 Nf6 2. Nf3 e6 3. Bf4 c5 4. e3 d5 5. Nbd2 Nc6 6. c3 Qb6 7. b3 Be7 8. Bd3
O-O 9. O-O h6 10. h3 Bd7 11. Rb1 Rac8 12. a3 Qa5 13. Qc1 Rfe8 14. c4 cxd4 15.
exd4 Bf8 16. c5 Re7 17. b4 Qd8 18. Re1 Be8 19. Ne5 Nxd4 20. Be3 Nc6 21. Nxc6
Rxc6 22. b5 Rc8 23. c6 b6 24. Bf4 Ra8 25. Rb3 Qc8 26. Nf3 Bxc6 27. bxc6 Ne8 28.
Rc3 Nc7 29. Nd4 Re8 30. Nb5 Re7 31. Nxc7 Rxc7 32. Bxc7 Qxc7 33. f4 Bd6 34. g3 d4
35. Rc4 e5 36. Rf1 f6 37. Bf5 b5 38. Rc2 Kf7 39. Qd1 g6 40. Bd3 h5 41. f5 Rh8
42. fxg6+ {Black resigns} 1-0

[Event "Team 45 45 League T62"]
[Site "Internet Chess Club"]
[Date "2014.08.28"]
[Round "1"]
[White "Bryant-L"]
[Black "ticopatzer"]
[Result "0-1"]
[WhiteElo "1678"]
[BlackElo "1719"]
[Opening "Philidor's defense"]
[ECO "C41"]
[Time "21:01:33"]
[TimeControl "2700+45"]

1. e4 e5 2. Nf3 d6 3. Nc3 Nf6 4. Bc4 Bg4 5. h3 Bh5 6. d3 Be7 7. Be3 O-O 8. g4
Bg6 9. Qd2 Nc6 10. O-O-O Na5 11. Bb3 Nxb3+ 12. axb3 c6 13. Rdg1 d5 14. exd5 cxd5
15. d4 Ne4 16. Nxe4 Bxe4 17. Qe2 Rc8 18. Nxe5 Rxc2+ 19. Qxc2 Bxc2 20. Kxc2 Qb6
21. Rc1 Bf6 22. Kb1 Bxe5 23. dxe5 d4 24. Bg5 Qg6+ {White resigns} 0-1

[Event "Team 45 45 League T62"]
[Site "Internet Chess Club"]
[Date "2014.08.29"]
[Round "1"]
[White "rayonline53"]
[Black "mattp108"]
[Result "1-0"]
[WhiteElo "1581"]
[BlackElo "1620"]
[Opening "QGD: Chigorin defense"]
[ECO "D07"]
[Time "13:00:26"]
[TimeControl "2700+45"]

1. d4 d5 2. c4 Nc6 3. e3 e5 4. cxd5 Qxd5 5. Nc3 Bb4 6. a3 Bxc3+ 7. bxc3 Nf6 8.
c4 Qd6 9. d5 Ne7 10. Nf3 Bg4 11. Be2 e4 12. Nd4 Bxe2 13. Qxe2 O-O 14. Bb2 c5 15.
Nb5 Qb6 16. O-O a6 17. Nc3 Qd6 18. h3 b5 19. cxb5 Nexd5 20. Nxd5 Nxd5 21. Rfd1
axb5 22. Qxb5 Qb6 23. Qe2 Rfd8 24. Rab1 Nf6 25. Rxd8+ Rxd8 26. Rd1 Rxd1+ 27.
Qxd1 h6 28. Qc2 Qd6 29. a4 Qd3 30. Qc3 Qxc3 31. Bxc3 Nd5 32. Bd2 Nb4 33. a5 Na6
34. Kf1 Kf8 35. Ke1 Ke7 36. Kd1 Kd6 37. Kc2 Kc6 38. Kb3 Kb5 39. Bc3 f6 40. Bd2
Nb4 41. Bxb4 cxb4 42. a6 Kxa6 43. Kxb4 Kb6 44. Kc4 Kc6 45. Kd4 f5 46. Ke5 g6 47.
Kf6 Kd5 48. Kxg6 Ke5 49. Kxh6 f4 50. Kg5 fxe3 51. fxe3 {Black resigns} 1-0

[Event "Team 45 45 League T62"]
[Site "Internet Chess Club"]
[Date "2014.08.31"]
[Round "1"]
[White "pokerram"]
[Black "evan7284"]
[Result "1/2-1/2"]
[WhiteElo "1676"]
[BlackElo "1627"]
[Opening "Petrov: Nimzovich attack"]
[ECO "C42"]
[Time "14:03:24"]
[TimeControl "2700+45"]

1. e4 e5 2. Nf3 Nf6 3. Nxe5 d6 4. Nf3 Nxe4 5. Nc3 Nxc3 6. dxc3 Be7 7. Bf4 O-O 8.
Qd2 Nd7 9. O-O-O Nc5 10. Bd3 Nxd3+ 11. cxd3 Be6 12. Kb1 Bf6 13. h3 Qe8 14. Qc2
Qb5 15. c4 Qa6 16. Ng5 Bxg5 17. Bxg5 b5 18. b3 bxc4 19. dxc4 Rab8 20. f4 Bxc4
21. Rd4 Bb5 22. Rhd1 Qb6 23. f5 f6 24. Be3 Qb7 25. g4 Rfe8 26. Bc1 Re2 27. R1d2
Rbe8 28. Rxe2 Rxe2 29. Rd2 Rxd2 30. Qxd2 Qe4+ 31. Ka1 Qd3 32. Qe1 Qe2 33. Qh1
Qd3 34. Qe1 Qe2 35. Qg1 Qf1 36. Qe3 Qe2 37. Qg1 {Game drawn by mutual agreement}
1/2-1/2

[Event "Team 45 45 League T62"]
[Site "Internet Chess Club"]
[Date "2014.08.29"]
[Round "1"]
[White "werty"]
[Black "idjit"]
[Result "0-1"]
[WhiteElo "1518"]
[BlackElo "1580"]
[Opening "King's Indian: London system"]
[ECO "A45"]
[Time "14:36:53"]
[TimeControl "2700+45"]

1. d4 Nf6 2. Bf4 g6 3. Nf3 Bg7 4. e3 d5 5. Be2 O-O 6. O-O Bf5 7. c3 Nbd7 8. h3
h5 9. Nbd2 Re8 10. a3 c5 11. b4 cxd4 12. cxd4 Rc8 13. Rc1 Nb6 14. Rxc8 Qxc8 15.
Qc1 Qd7 16. Ne5 Qe6 17. Nb3 Rc8 18. Nc5 Qd6 19. Nxg6 Qd8 20. Ne5 Na4 21. Qd2 Ne4
22. Nxe4 Bxe4 23. Bd3 Rc3 24. Bxe4 dxe4 25. Rc1 Rxa3 26. Qc2 Rc3 27. Qd2 Qc8 28.
Rxc3 Qxc3 29. Qxc3 Nxc3 30. Nc4 Ne2+ 31. Kf1 Nxf4 32. exf4 Bxd4 33. Ke2 f5 34.
f3 exf3+ 35. Kxf3 Kf7 36. Ke2 Ke6 37. Kd3 Kd5 38. Nd2 e5 39. fxe5 Bxe5 40. Nf3
b6 41. Nh4 f4 42. Nf3 a5 43. bxa5 bxa5 44. Nd2 a4 45. Nc4 Bd6 46. Nd2 a3 47. Nb3
a2 48. Na1 Be5 49. Nb3 a1=Q 50. Nxa1 Bxa1 51. Ke2 Ke4 52. Kf2 h4 53. Ke2 Bd4 54.
Kf1 Kd3 55. Ke1 Ke3 56. Kf1 Kd2 57. g3 hxg3 58. Kg2 Ke2 {White resigns} 0-1

[Event "Team 45 45 League T62"]
[Site "Internet Chess Club"]
[Date "2014.08.29"]
[Round "1"]
[White "GregoryViking"]
[Black "fireball"]
[Result "1/2-1/2"]
[WhiteElo "1579"]
[BlackElo "1676"]
[Opening "French: advance, Euwe variation"]
[ECO "C02"]
[Time "09:06:30"]
[TimeControl "2700+45"]

1. e4 e6 2. d4 d5 3. e5 c5 4. c3 Nc6 5. Nf3 Bd7 6. Be3 cxd4 7. cxd4 Bb4+ 8. Nc3
Bxc3+ 9. bxc3 Nge7 10. Bd3 Ng6 11. Qc2 O-O 12. h4 Rc8 13. h5 Nb4 14. Qd2 Nxd3+
15. Qxd3 Ne7 16. Ng5 Nf5 17. g4 h6 18. gxf5 hxg5 19. f6 gxf6 20. Kd2 Kh8 21.
Rag1 Rg8 22. f4 gxf4 23. Bxf4 f5 24. Rg6 Rg7 25. Bg5 Qa5 26. Rxg7 Qxa2+ 27. Ke3
Kxg7 28. Rg1 Kh7 29. Bf6 Rg8 30. Rxg8 Kxg8 31. Qf1 Qh2 32. Qf3 Qg1+ 33. Kd2 Bb5
34. h6 Qh2+ 35. Kd1 Qxh6 36. Qg2+ Kh7 37. Kc2 f4 38. Kb3 a5 39. Bg5 f3 40. Qxf3
Qxg5 41. Qxf7+ Kh6 42. Qxe6+ Kh5 43. Qxd5 Bc6 44. Qxa5 Qc1 45. e6+ Kg4 46. d5
Qb1+ 47. Kc4 Qf1+ 48. Kb3 Qb1+ 49. Kc4 Qf1+ 50. Kb3 Qb1+ 51. Kc4 Qf1+ {Game
drawn by repetition} 1/2-1/2

[Event "Team 45 45 League T62 u"]
[Site "Internet Chess Club"]
[Date "2014.08.31"]
[Round "1"]
[White "nidusin2"]
[Black "Schachteufel"]
[Result "1/2-1/2"]
[WhiteElo "1622"]
[BlackElo "1548"]
[Opening "King's Indian, 3.Nf3"]
[ECO "E60"]
[Time "07:08:21"]
[TimeControl "2700+45"]

1. d4 Nf6 2. Nf3 g6 3. c4 Bg7 4. e3 O-O 5. b3 d6 6. Nbd2 c5 7. Bb2 Nc6 8. a3 Qa5
9. Bd3 Bg4 10. O-O Nd7 11. h3 Bxf3 12. Nxf3 cxd4 13. exd4 Rad8 14. Qc2 Qb6 15.
d5 Bxb2 16. Qxb2 Nce5 17. Nxe5 Nxe5 18. Be2 e6 19. Rad1 Rc8 20. Kh1 Nxc4 21.
Bxc4 Rxc4 22. dxe6 fxe6 23. Rxd6 Qxd6 24. bxc4 b6 25. Qe2 Rf6 26. Qe3 Qf4 27.
Qd3 e5 28. c5 Qd4 29. Qxd4 exd4 30. cxb6 Rxb6 31. Rd1 Rd6 32. Rd3 Kf7 33. Kh2
Ke6 34. Kg3 Ke5 35. Kf3 Rf6+ 36. Ke2 Rb6 37. g3 Ke4 38. f3+ Kd5 39. Rd2 Rb3 40.
Rd3 Rb2+ 41. Rd2 Rb6 42. Rc2 Re6+ 43. Kd2 Re7 44. Rc8 h6 45. h4 Re3 46. Rd8+ Kc4
47. Rd6 g5 48. hxg5 hxg5 49. f4 Rxg3 50. fxg5 Rxg5 51. Ra6 Rg2+ 52. Kd1 Kd3 53.
Kc1 Rg7 54. a4 Rc7+ 55. Kd1 Rb7 56. Kc1 Kc3 57. a5 Rh7 58. Rc6+ Kb4 59. Rd6 Kc4
60. Kd2 Rh2+ 61. Kc1 Rh5 62. Ra6 Rh7 63. Kd2 Rd7 64. Rg6 Kb4 65. Rg5 Rd6 66. Kd3
Kb3 67. Rb5+ Ka4 68. Rb7 a6 69. Rb6 Rd5 {Game drawn by mutual agreement} 1/2-1/2

[Event "Team 45 45 League T62"]
[Site "Internet Chess Club"]
[Date "2014.08.29"]
[Round "1"]
[White "krysto"]
[Black "Insan996"]
[Result "1-0"]
[WhiteElo "1562"]
[BlackElo "1526"]
[Opening "Nimzo-Indian: 4.e3 c5"]
[ECO "E41"]
[Time "16:19:42"]
[TimeControl "2700+45"]

1. d4 Nf6 2. c4 e6 3. Nc3 Bb4 4. e3 c5 5. Nf3 O-O 6. Bd3 b6 7. Qe2 Bb7 8. O-O
Bxc3 9. bxc3 Ne4 10. Bb2 d6 11. Ne1 Nd7 12. f3 Nef6 13. e4 e5 14. f4 Qe7 15.
fxe5 dxe5 16. d5 Ne8 17. Bc1 Nd6 18. Qg4 Kh8 19. Bg5 f6 20. Bh4 Ba6 21. Qe2 Qf7
22. Nc2 Rg8 23. Ne3 g5 24. Bg3 h5 25. h3 Qg6 26. Nf5 Nxf5 27. Rxf5 Nf8 28. Raf1
Nh7 29. Bh2 Bc8 30. R5f2 g4 31. hxg4 Bxg4 32. Qe3 Raf8 33. Kh1 Ng5 34. Bxe5 Nh7
35. Bd6 Rd8 36. e5 f5 37. Be7 Rde8 38. Bh4 Rg7 39. e6 Nf8 40. Rg1 Nh7 41. g3 Nf6
42. Rf4 Ne4 43. Bxe4 fxe4 44. Qxe4 Qxe4+ 45. Rxe4 Bf3+ 46. Kh2 Bxe4 47. Bf6 Kg8
48. Bxg7 Kxg7 49. Re1 Bf5 50. e7 Kf6 51. d6 Bd7 52. Kg2 Kf7 53. Kf3 Rg8 54. Re3
Rg4 55. Re5 h4 56. e8=Q+ Bxe8 57. Kxg4 hxg3 58. Kxg3 Bd7 59. Re7+ Kf8 60. Rxd7
{Black resigns} 1-0

[Event "Team 45 45 League T62"]
[Site "Internet Chess Club"]
[Date "2014.08.30"]
[Round "1"]
[White "Ajolote"]
[Black "mkoga"]
[Result "1-0"]
[WhiteElo "1614"]
[BlackElo "1440"]
[Opening "Philidor's defense"]
[ECO "C41"]
[Time "20:00:29"]
[TimeControl "2700+45"]

1. e4 e5 2. Nf3 d6 3. Nc3 Nf6 4. Be2 Be7 5. d3 Be6 6. Be3 O-O 7. O-O Nbd7 8. Qd2
c6 9. d4 Ng4 10. d5 Nxe3 11. Qxe3 Bg4 12. h3 Bxf3 13. Bxf3 c5 14. Bg4 Nf6 15.
Be2 a6 16. a4 Nd7 17. Rfb1 f5 18. exf5 Rxf5 19. Bg4 Rf8 20. Be6+ Kh8 21. Ne4 Nf6
22. Ra3 Nxe4 23. Qxe4 Bh4 24. g3 Qg5 25. Qxh4 Qd2 26. Rf1 Rf6 27. Rb3 Rb8 28.
Rb6 Rbf8 29. g4 Rf3 30. Rxb7 h6 31. c4 e4 32. Bf5 e3 33. Qe7 exf2+ 34. Kg2 Rg8
35. Kxf3 Qd4 36. Rxf2 Qxc4 37. Qe4 Qxe4+ 38. Kxe4 Re8+ 39. Be6 Kh7 40. Rff7
{Black resigns} 1-0

[Event "Team 45 45 League T62"]
[Site "Internet Chess Club"]
[Date "2014.08.30"]
[Round "1"]
[White "fishhead"]
[Black "AngryDad"]
[Result "1-0"]
[WhiteElo "1855"]
[BlackElo "1653"]
[Opening "Caro-Kann: two knights variation"]
[ECO "B10"]
[Time "16:00:29"]
[TimeControl "2700+45"]

1. e4 c6 2. Nf3 d5 3. Nc3 dxe4 4. Nxe4 Bf5 5. Ng3 Bg6 6. h4 h6 7. Ne5 Bh7 8. Qh5
g6 9. Bc4 e6 10. Qe2 Qc7 11. d4 Bd6 12. Bf4 Qe7 13. Ne4 Bc7 14. O-O-O Nd7 15.
Nxg6 Bxf4+ 16. Nxf4 O-O-O 17. g4 Qb4 18. a3 Qe7 19. Nh5 Ngf6 20. Nhxf6 Nxf6 21.
Nc5 Nd5 22. Qe5 Qf6 23. Bxd5 Qxe5 24. dxe5 Rxd5 25. Rxd5 cxd5 26. f4 Rg8 27. g5
b6 28. Nb3 Kd7 29. Nd4 a6 30. Kd2 Be4 31. Rg1 Rh8 32. Ne2 hxg5 33. hxg5 Rh2 34.
c3 Bf3 35. Re1 Kc6 36. Ke3 Bxe2 37. Rxe2 Rh1 38. Rf2 Rh3+ 39. Kd2 Rg3 40. Rh2
Rf3 41. Rh4 Rf2+ 42. Kc1 Rf1+ 43. Kc2 Rf2+ 44. Kb1 Kc5 45. Rg4 a5 46. a4 b5 47.
axb5 Kxb5 48. Ka2 Kc5 49. Ka3 Kb5 50. g6 fxg6 51. Rxg6 Rxf4 52. Rxe6 Re4 53. Re8
Re3 54. Ka2 Re2 55. e6 Kc6 56. e7 Kd7 57. Rd8+ Kxe7 58. Rxd5 Re4 59. Rxa5 Kd6
60. b4 Kc6 61. Kb3 Kb6 62. Rh5 Re1 63. Rh6+ Kc7 64. c4 Rb1+ 65. Ka4 Ra1+ 66. Kb5
Rd1 67. c5 Rb1 68. Rh7+ Kb8 69. c6 Kc8 70. Kc5 {Black resigns} 1-0

[Event "Team 45 45 League T62"]
[Site "Internet Chess Club"]
[Date "2014.08.28"]
[Round "1"]
[White "Chess-Boy"]
[Black "Longonjo"]
[Result "0-1"]
[WhiteElo "1630"]
[BlackElo "1718"]
[Opening "Caro-Kann: advance variation"]
[ECO "B12"]
[Time "17:30:23"]
[TimeControl "2700+45"]

1. e4 c6 2. d4 d5 3. e5 c5 4. dxc5 e6 5. Qg4 h5 6. Qg3 h4 7. Qg4 Nh6 8. Bxh6
Rxh6 9. Bd3 Nc6 10. Nf3 f5 11. Qf4 Bxc5 12. Nbd2 Nb4 13. O-O h3 14. g3 Bd7 15.
a3 Nxd3 16. cxd3 Be7 17. d4 g5 18. Qe3 Kf7 19. Rfc1 Rc8 20. b4 Rxc1+ 21. Rxc1
Bb5 22. Qc3 Rg6 23. Ne1 g4 24. Nd3 Bg5 25. Qc7+ Qxc7 26. Rxc7+ Kf8 27. Nf4 Bxf4
28. gxf4 Rg7 29. Rxg7 Kxg7 30. f3 Kg6 31. fxg4 fxg4 32. Kf2 Kf5 33. Kg3 Bc4 34.
a4 b6 35. b5 Bd3 36. Nb3 Bc2 37. Nc1 Bxa4 38. Nd3 Bxb5 39. Nf2 a5 40. Nxg4 Ke4
41. Kxh3 a4 42. Nf2+ Kxd4 43. Nd1 a3 {White resigns} 0-1

[Event "Team 45 45 League T62"]
[Site "Internet Chess Club"]
[Date "2014.08.31"]
[Round "1"]
[White "parrot9"]
[Black "uzi"]
[Result "1-0"]
[WhiteElo "1646"]
[BlackElo "1513"]
[Opening "Scandinavian: Marshall variation"]
[ECO "B01"]
[Time "09:03:53"]
[TimeControl "2700+45"]

1. e4 d5 2. exd5 Nf6 3. d4 Nxd5 4. Nf3 Bg4 5. Be2 e6 6. O-O Bd6 7. c4 Nf6 8. Nc3
c6 9. d5 cxd5 10. cxd5 Nxd5 11. Nxd5 exd5 12. Bb5+ Nc6 13. Qa4 Qc7 14. Re1+ Be6
15. Nd4 Bxh2+ 16. Kh1 O-O 17. Bxc6 bxc6 18. Rxe6 fxe6 19. Nxe6 Qe5 20. Nxf8 Rxf8
21. Be3 Qxb2 22. Rc1 c5 23. Kxh2 d4 24. Bg5 Rxf2 25. Qe8+ Rf8 26. Qe6+ Kh8 27.
Rxc5 d3 28. Rc8 Qb4 29. Be7 Qf4+ 30. Kh3 d2 31. Bxf8 h6 {Black resigns} 1-0

[Event "Team 45 45 League T62"]
[Site "Internet Chess Club"]
[Date "2014.09.02"]
[Round "1"]
[White "CaptK"]
[Black "Invicta-Knight"]
[Result "0-1"]
[WhiteElo "1681"]
[BlackElo "1505"]
[Opening "King's Indian, 3.Nf3"]
[ECO "E60"]
[Time "12:31:41"]
[TimeControl "2700+45"]

1. d4 Nf6 2. Nf3 g6 3. c4 c5 4. d5 b5 5. Nc3 bxc4 6. Bf4 d6 7. e3 Nbd7 8. Bxc4
Bg7 9. O-O O-O 10. h3 Qb6 11. Qc2 Ba6 12. Bxa6 Qxa6 13. Rfd1 Rfb8 14. e4 Ne8 15.
Bg3 Nc7 16. Bh4 Nf6 17. Ne1 Nb5 18. f4 Nd4 19. Qd2 Rb7 20. Nf3 Nxf3+ 21. gxf3
Qb6 22. b3 c4+ 23. Bf2 Qb4 24. bxc4 Qxc4 25. Qd4 Qxd4 26. Bxd4 Nh5 27. Bxg7 Kxg7
28. Ne2 Rb2 29. Kf1 Rc8 30. Rdb1 Rcc2 31. Rxb2 Rxb2 32. a4 Rb3 33. Kf2 Rb2 34.
Ke1 Rb3 35. Nd4 Rd3 36. Nc6 Rxf3 37. Nxa7 Rxf4 38. a5 Rxe4+ 39. Kf2 Nf6 40. a6
Nxd5 41. Nc6 Nb6 42. a7 Rc4 43. Nb8 Rc7 44. Ra6 Na8 45. Nc6 Rb7 46. Ra2 e6 47.
Ra3 d5 48. Ke3 f6 49. Kd4 Rc7 50. Nb8 Rc4+ 51. Kd3 Rh4 52. Kd2 Rc4 53. Rb3 Rc7
54. Ra3 e5 55. Ke2 g5 56. Kf3 Kg6 57. Ke3 h5 58. Kf3 Kh7 59. Ke3 Kg6 60. Kf3 d4
61. Ke4 Rc3 62. Rxc3 dxc3 63. Kd3 g4 64. hxg4 h4 65. Nc6 h3 66. Ne7+ Kg5 67. Nf5
Kxg4 68. Ne3+ Kf3 69. Nf1 e4+ 70. Kxc3 Kf2 71. Nh2 e3 72. Kd3 e2 {White resigns}
0-1

[Event "Team 45 45 League T62"]
[Site "Internet Chess Club"]
[Date "2014.08.30"]
[Round "1"]
[White "barbiq"]
[Black "justice02"]
[Result "0-1"]
[WhiteElo "1528"]
[BlackElo "1827"]
[Opening "French: advance variation"]
[ECO "C02"]
[Time "22:00:38"]
[TimeControl "2700+45"]

1. e4 e6 2. d4 d5 3. e5 c5 4. c3 Qb6 5. Bd3 Bd7 6. dxc5 Bxc5 7. Nh3 Nc6 8. b4
Be7 9. Bf4 Rc8 10. O-O h5 11. Qf3 d4 12. Bg5 Nxe5 13. Qf4 Nxd3 14. Qe4 Qb5 15.
Qxd4 Bxg5 16. Nxg5 Qxg5 17. Qxd3 Bb5 18. f4 Bxd3 19. fxg5 Bxf1 20. Kxf1 Ne7 21.
Na3 Rxc3 22. Nb5 Rd3 23. Nxa7 O-O 24. Ke2 Rd5 25. Re1 Ra8 26. Rc1 Rxa7 27. g6
Nxg6 28. Rc8+ Kh7 29. Kf3 Rxa2 30. h3 Ra3+ 31. Ke4 f5# {White checkmated} 0-1

[Event "Team 45 45 League T62"]
[Site "Internet Chess Club"]
[Date "2014.08.30"]
[Round "1"]
[White "Grenadier"]
[Black "LN09102Q"]
[Result "0-1"]
[WhiteElo "1581"]
[BlackElo "1529"]
[Opening "Ruy Lopez: Marshall, main line, 14...Qh3"]
[ECO "C78"]
[Time "15:00:40"]
[TimeControl "2700+45"]

1. e4 e5 2. Nf3 Nc6 3. Bb5 a6 4. Ba4 Nf6 5. O-O b5 6. Bb3 Bc5 7. Re1 O-O 8. c3
d5 9. exd5 Nxd5 10. Nxe5 Nxe5 11. Rxe5 c6 12. d4 Bd6 13. Re1 Qh4 14. g3 Qh3 15.
Qf3 Bg4 16. Qg2 Qh5 17. Bxd5 cxd5 18. Be3 Bf3 19. Qf1 f5 20. Nd2 f4 21. Nxf3
fxe3 22. Rxe3 Rxf3 23. Re6 Re8 24. Rxd6 Ref8 25. Rxa6 Rxf2 26. Qxf2 Rxf2 27.
Kxf2 Qxh2+ 28. Kf3 Qxb2 29. Rf1 Qxc3+ 30. Kg2 h5 31. Ra8+ Kh7 32. Rf4 Qb2+ 33.
Kh3 Qa1 34. Kg2 b4 35. a4 b3 36. Rff8 b2 37. Rh8+ Kg6 38. Ra6+ Kg5 39. Re8 b1=Q
40. Re5+ Kg4 41. Rae6 Qg1# {White checkmated} 0-1

[Event "Team 45 45 League T62"]
[Site "Internet Chess Club"]
[Date "2014.08.30"]
[Round "1"]
[White "chessnow"]
[Black "GoIrish"]
[Result "1-0"]
[WhiteElo "1725"]
[BlackElo "1623"]
[Opening "Scandinavian (center counter) defense"]
[ECO "B01"]
[Time "20:31:21"]
[TimeControl "2700+45"]

1. e4 d5 2. exd5 Qxd5 3. Nc3 Qa5 4. Nf3 Bg4 5. Be2 e6 6. d4 c6 7. O-O Nf6 8. Bf4
Nd5 9. Nxd5 cxd5 10. c4 dxc4 11. Bxc4 Qb4 12. b3 Bd6 13. a3 Qb6 14. Be3 O-O 15.
h3 Bf5 16. Nh4 Be4 17. Qg4 Kh8 18. Qxe4 Nd7 19. d5 Qc7 20. dxe6 Nf6 21. Qd3 fxe6
22. Bxe6 Qe7 23. Bc4 Rfd8 24. Qe2 Be5 25. Rac1 Ne4 26. Nf3 Nc3 27. Qe1 b5 28.
Nxe5 Qxe5 29. Qxc3 Qxc3 30. Rxc3 bxc4 31. Rxc4 Rd3 32. Rfc1 h6 {Black resigns}
1-0

[Event "Team 45 45 League T62"]
[Site "Internet Chess Club"]
[Date "2014.08.31"]
[Round "1"]
[White "zepled37"]
[Black "almond123"]
[Result "1-0"]
[WhiteElo "1594"]
[BlackElo "1438"]
[Opening "Ruy Lopez: Anderssen variation"]
[ECO "C77"]
[Time "18:00:18"]
[TimeControl "2700+45"]

1. e4 e5 2. Nf3 Nc6 3. Bb5 a6 4. Ba4 Nf6 5. d3 b5 6. Bb3 Bc5 7. O-O O-O 8. c3 d6
9. Bg5 h6 10. Bh4 Qe7 11. a4 Rb8 12. d4 Bb6 13. axb5 axb5 14. Re1 Bg4 15. d5 Na5
16. Bc2 Ra8 17. Qd3 Rab8 18. Nbd2 Bd7 19. b4 Nb7 20. h3 Ra8 21. Nf1 c6 22. Ng3
Qe8 23. Bxf6 gxf6 24. Nh4 cxd5 25. exd5 f5 26. Nhxf5 e4 27. Nxe4 Qd8 28. Rxa8
Qxa8 29. Qg3+ Kh8 30. Qg7# {Black checkmated} 1-0

[Event "Team 45 45 League T62"]
[Site "Internet Chess Club"]
[Date "2014.09.01"]
[Round "1"]
[White "primerpaso"]
[Black "TerryMalloy"]
[Result "0-1"]
[WhiteElo "1952"]
[BlackElo "2025"]
[Opening "English opening"]
[ECO "A17"]
[Time "20:05:36"]
[TimeControl "2700+45"]

1. c4 Nf6 2. Nc3 e6 3. g3 d5 4. cxd5 exd5 5. d4 Bd6 6. Bg2 c6 7. Nf3 Bf5 8. O-O
O-O 9. Bf4 Re8 10. Bxd6 Qxd6 11. e3 Nbd7 12. a3 Nf8 13. b4 a6 14. Na4 a5 15. Qb3
axb4 16. axb4 N8d7 17. b5 Ne4 18. Rfc1 h5 19. h3 Nxg3 20. fxg3 Qxg3 21. Qb2 Rxe3
22. Qf2 Qxf2+ 23. Kxf2 Rae8 24. bxc6 Re2+ 25. Kg3 bxc6 26. Re1 Nf6 27. Rxe2 Rxe2
28. Re1 Ne4+ 29. Kf4 Rxg2 30. Kxf5 Rg3 31. Re3 Rxh3 32. Nc5 g6+ 33. Kf4 g5+ 34.
Kf5 g4 35. Nxe4 dxe4 36. Rxe4 Rxf3+ 37. Kg5 f5 38. Re6 Kf7 39. Rxc6 g3 40. Rc1
Ke6 41. Kxh5 Kd5 42. Kh4 Kxd4 43. Kh3 f4 44. Kg2 Rf2+ 45. Kg1 Ke4 46. Re1+ Kf3
47. Ra1 Rb2 48. Ra3+ Kg4 49. Ra1 Kh3 50. Rf1 f3 {White resigns} 0-1

[Event "Team 45 45 League T62"]
[Site "Internet Chess Club"]
[Date "2014.08.29"]
[Round "1"]
[White "zachi"]
[Black "Baseta"]
[Result "0-1"]
[WhiteElo "1793"]
[BlackElo "1839"]
[Opening "French: King's Indian attack"]
[ECO "C00"]
[Time "09:02:34"]
[TimeControl "2700+45"]

1. e4 e6 2. d3 c5 3. Nc3 d5 4. g3 dxe4 5. Nxe4 Bd7 6. Bg2 Bc6 7. Nf3 Nf6 8. Qe2
Nbd7 9. O-O Be7 10. Bf4 O-O 11. Ne5 Nxe5 12. Bxe5 Rc8 13. Rfd1 Re8 14. d4 Nxe4
15. Bxe4 Bxe4 16. Qxe4 Qb6 17. Qg4 Bf8 18. dxc5 Qxc5 19. c3 Qxe5 {White resigns}
0-1

[Event "Team 45 45 League T62"]
[Site "Internet Chess Club"]
[Date "2014.08.29"]
[Round "1"]
[White "Heian"]
[Black "az2112"]
[Result "0-1"]
[WhiteElo "1435"]
[BlackElo "1585"]
[Opening "Sicilian"]
[ECO "B50"]
[Time "12:01:25"]
[TimeControl "2700+45"]

1. e4 c5 2. Nf3 d6 3. Bc4 Nf6 4. d3 e6 5. Bb3 Be7 6. c3 O-O 7. O-O Nc6 8. h3 b5
9. Be3 Bb7 10. Nbd2 Rc8 11. Bc2 Qc7 12. Rc1 Rfd8 13. Qe2 d5 14. Nh2 d4 15. Bg5
h6 16. Bh4 c4 17. Bg3 Bd6 18. f4 dxc3 19. bxc3 cxd3 20. Bxd3 a6 21. Kh1 Bc5 22.
Bb1 Rd7 23. e5 Nd5 24. Ne4 Nce7 25. Qc2 Nf5 26. Bf2 Nfe3 27. Bxe3 Nxe3 28. Nf6+
gxf6 29. Qh7+ Kf8 30. Qh8+ Ke7 31. Qxf6+ Ke8 32. Rf2 Nxg2 33. Rxg2 Rd2 34. Rg1
Qc6 35. Qh8+ Kd7 36. Qg7 Bxg1 37. Qxf7+ Kd8 38. Be4 Qxe4 39. Qf8+ Kc7 40. Qg7+
Kb8 41. Kxg1 Rxg2+ {White resigns} 0-1

[Event "Team 45 45 League T62"]
[Site "Internet Chess Club"]
[Date "2014.08.31"]
[Round "1"]
[White "drsigmund1"]
[Black "Portola"]
[Result "0-1"]
[WhiteElo "1567"]
[BlackElo "1848"]
[Opening "Queen's pawn, Mason variation"]
[ECO "D00"]
[Time "19:00:16"]
[TimeControl "2700+45"]

1. d4 d5 2. Bf4 Bf5 3. Nf3 Nf6 4. e3 e6 5. Be2 Bd6 6. Ne5 O-O 7. Nd2 c6 8. O-O
Qc7 9. c4 Nfd7 10. c5 Bxe5 11. dxe5 Nxc5 12. Nf3 Nbd7 13. Nh4 Bg6 14. Nxg6 hxg6
15. Rc1 a5 16. h4 Qd8 17. Bg5 f6 18. exf6 gxf6 19. Bh6 Rf7 20. Rxc5 Nxc5 21. Qc2
Ne4 22. f3 Rh7 23. Bf4 f5 24. fxe4 Qxh4 25. exd5 exd5 26. Rf3 Qh1+ 27. Kf2 Qh4+
28. Rg3 Rf7 29. Bd3 Re8 30. Bxf5 Rxf5 31. Qxf5 Qxg3+ 32. Kxg3 gxf5 33. Kh4 Kf7
34. a4 Re4 35. b3 Kg6 36. Kg3 d4 37. Kf3 dxe3 38. Bxe3 Rb4 39. Bd2 Rxb3+ 40. Kf4
{White resigns} 0-1